 Dungeon Crawl Stone Soup version 0.31.0-9-g3a7656b989 (webtiles) character file.

Game seed: 9617699597492581023

36 qw the Shooter (level 3, -2/20 HPs)
             Began as a Deep Elf Hunter on Feb 3, 2024.
             Slain by an orc
             ... wielding a +0 club
              (3 damage)
             ... on level 2 of the Dungeon.
             The game lasted 00:00:12 (910 turns).

qw the Shooter (Deep Elf Hunter)                     Turns: 910, Time: 00:00:13

Health: -2/20      AC:  5    Str: 10    XL:     3   Next: 19%
Magic:  5/5        EV: 11    Int: 13    God:
Gold:   64         SH:  0    Dex: 18    Spells: 2/2 levels left

rFire   . . .        a - +0 shortbow
rCold   . . .        (shield currently unavailable)
rNeg    . . .        b - +0 ring mail
rPois   .            (no helmet)
rElec   .            (no cloak)
rCorr   .            (no gloves)
SInv    .            (no boots)
Will    .....        g - amulet of the acrobat
Stlth   +            (no ring)
HPRegen 0.23/turn    (no ring)
MPRegen 0.09/turn

%: acrobat
@: no status effects
A: no striking features
a: no special abilities


You were on level 2 of the Dungeon.
You visited 1 branch of the dungeon, and saw 2 of its levels.

You collected 64 gold pieces.


   Skills:
 - Level 1.5 Fighting
 + Level 6.8 Ranged Weapons
 - Level 2.4 Dodging
 - Level 1.2 Stealth


You had 2 spell levels left.
You didn't know any spells.
Your spell library was empty.

Inventory:

Hand Weapons
 a - a +0 shortbow (weapon)
Armour
 b - a +0 ring mail (worn)
Jewellery
 g - an amulet of the acrobat (around neck)
Potions
 e - a potion of curing

Dungeon Overview and Level Annotations

Branches:
Dungeon (2/15)

Altars:


Message History

The arrow hits the orc but does no damage.
The orc is severely wounded.
Something hits you. The orc barely misses you.
The orc hits you with a +0 flail. Something hits you but does no damage.
The orc closely misses you. The orc hits you with a +0 flail.
900 ||| DRINKING potion of heal wounds.
You feel much better. Something hits you but does no damage.
The orc barely misses you. x2
The orc hits you but does no damage.
You shoot an arrow. The arrow barely misses the orc.
Something hits you. The orc hits you but does no damage. x3
You shoot an arrow. The arrow barely misses the orc.
Something hits you. The orc hits you with a +0 club.
The orc hits you but does no damage. The orc misses you.
You shoot an arrow. The arrow closely misses the orc.
Something hits you. The orc hits you with a +0 club.
The orc hits you but does no damage. The orc barely misses you.
You shoot an arrow. The arrow hits the orc.
You kill the orc!
Something hits you but does no damage. The orc misses you.
The orc closely misses you. The orc misses you.
Something completely misses you. The orc barely misses you.
You shoot an arrow. The arrow hits the orc.
The orc is severely wounded.
Something hits you. The orc hits you but does no damage.
The orc hits you with a +0 dagger.
You shoot an arrow. The arrow barely misses the orc.
Something hits you but does no damage. The orc hits you with a +0 club.
The orc barely misses you.
You shoot an arrow. The arrow barely misses the orc.
Something hits you but does no damage. The orc hits you with a +0 club.
The orc barely misses you.
You shoot an arrow. The arrow barely misses the orc.
Something hits you but does no damage. The orc barely misses you.
The orc hits you but does no damage.
You shoot an arrow. The arrow barely misses the orc.
Something hits you but does no damage. The orc hits you with a +0 club.
The orc hits you but does no damage.
You shoot an arrow. The arrow barely misses the orc.
Something hits you. The orc hits you with a +0 club.
You die...

####. .... #..####
####..... #.......#
##.......##
......o)..####
...$..{@.....#
.#....o...##.########
#.....^.............
#..........>........
#....##..##.########
##.#. #..##.# #.#.
#..##.# # #.##..##.#
# ....#......####.


You could see 2 orcs.

Vanquished Creatures
  An adder (D:2)
  A dart slug (D:1)
  2 ribbon worms (D:2)
  An orc (D:2)
  2 ball pythons
  A bat (D:2)
  An endoplasm (D:1)
  3 goblins
  A hobgoblin (D:1)
  2 quokkas (D:1)
  A frilled lizard (D:1)
  A kobold (D:1)
  2 rats
19 creatures vanquished.

Notes
Turn   | Place    | Note
-------+----------+-------------------------------------------
     0 | D:1      | qw the Deep Elf Hunter began the quest for the Orb.
     0 | D:1      | Reached XP level 1. HP: 12/12 MP: 3/3
     0 | D:1      | 0 ||| qw: Version: 0.3-a-155-g5e7d8dd
     0 | D:1      | 0 ||| qw: Game counter: 3011
     0 | D:1      | 0 ||| qw: Melee chars always use a shield: true
     0 | D:1      | 0 ||| qw: God list: Okawaru
     0 | D:1      | 0 ||| qw: Allow faded altars: false
     0 | D:1      | 0 ||| qw: Do Orc after clearing Dungeon:15 true
     0 | D:1      | 0 ||| qw: Do second Lair branch before Depths: true
     0 | D:1      | 0 ||| qw: Lair rune preference: random
     0 | D:1      | 0 ||| qw: Goals: Normal
     0 | D:1      | 0 ||| PLANNING D:1-11
   202 | D:1      | Reached skill level 6 in Ranged Weapons
   202 | D:1      | Reached XP level 2. HP: 13/16 MP: 4/4
   248 | D:1      | 248 ||| UPGRADING to amulet of the acrobat.
   253 | D:1      | 253 ||| READING 3 scrolls labelled ASADUC WULU.
   253 | D:1      | 253 ||| IDENTIFYING fuming black potion
   254 | D:1      | 254 ||| READING 2 scrolls of identify.
   254 | D:1      | 254 ||| IDENTIFYING 2 bubbling golden potions
   255 | D:1      | 255 ||| READING scroll of identify.
   255 | D:1      | 255 ||| IDENTIFYING scroll labelled DEGIGO ZYALIY
   256 | D:1      | 256 ||| DROPPING scroll of butterflies.
   257 | D:1      | 257 ||| DROPPING scroll of fear.
   670 | D:1      | 670 ||| UPGRADING to +0 ring mail.
   680 | D:1      | 680 ||| DROPPING +0 leather armour.
   699 | D:2      | HP: 2/16 [ribbon worm (3)]
   700 | D:2      | 700 ||| DRINKING 2 potions of heal wounds.
   844 | D:2      | Reached XP level 3. HP: 9/20 MP: 5/5
   844 | D:2      | 844 ||| DRINKING 2 potions of curing.
   844 | D:2      | 844 ||| (to cure poison)
   899 | D:2      | HP: 5/20 [orc/+0 flail (2)]
   900 | D:2      | 900 ||| DRINKING potion of heal wounds.
   906 | D:2      | HP: 5/20 [orc/+0 club (2)]
   910 | D:2      | HP: 1/20 [something (2)]
   910 | D:2      | Slain by an orc

Levels and vault maps discovered:
D:1:      dpeg_arrival_another_circle, layout_basic, skrybe_limestone_x,
          nicolae_the_louvre
D:2:      layout_loops_ring, serial_shops, nicolae_shop_waterfront,
          minmay_small_reverse_x

Skill      XL: |  1 |
---------------+----+-----
Ranged Weapons | 6 |  6.8
Fighting       | |  1.5
Dodging        | |  2.4
Stealth        | |  1.2

Action                     || total
---------------------------++-------
   Fire: Shortbow          ||    72
    Use: Scroll            ||     3
         Potion            ||     3
 Armour: Leather armour    ||     2
         Ring mail         ||    68
  Dodge: Dodged            ||    43

Table legend:
 A = Non-vault XP
 B = Vault XP
 C = Vault XP percentage of total XP
 D = Non-vault monster count
 E = Vault monster count
 F = Vault count percentage of total count
                 A         B        C        D         E       F
            +---------+---------+-------+---------+---------+-------
      Total |      52 |       0 |   0.0 |      19 |       0 |   0.0
            +---------+---------+-------+---------+---------+-------
        D:1 |      21 |       0 |   0.0 |      11 |       0 |   0.0
        D:2 |      31 |       0 |   0.0 |       8 |       0 |   0.0
            +---------+---------+-------+---------+---------+-------
